 Dungeon Crawl Stone Soup version 0.20-b1-2-gc5a9893 (webtiles) character file.

9036 bobbobbob the Unseen (level 11, 0/50 HPs)
             Began as a Spriggan Enchanter on May 21, 2017.
             Was a Follower of Ashenzari.
             Slain by a killer bee (6 damage)
             ... on level 11 of the Dungeon on May 22, 2017.
             The game lasted 01:20:00 (12834 turns).

bobbobbob the Unseen (Spriggan Enchanter)          Turns: 12834, Time: 01:20:00

Health: 0/50       AC:  2    Str:  4    XL:     11   Next: 17%
Magic:  7/27       EV: 21    Int: 18    God:    Ashenzari [*.....]
Gold:   542        SH:  0    Dex: 19    Spells: 20/32 levels left

rFire    . . .     SeeInvis +   a - +1 dagger (curse)
rCold    . . .     Gourm    .   (shield restricted)
rNeg     . . .     Faith    .   b - +0 robe (curse)
rPois    .         Spirit   .   (helmet restricted)
rElec    .         Reflect  .   (no cloak)
rCorr    .         Harm     .   (gloves unavailable)
MR       +....                  (boots unavailable)
Stlth    ++++++....             (no amulet)
Regen    0.2/turn               (no ring)
MPRegen  0.2/turn               (no ring)

@: about to teleport, very quick
A: unfitting armour, see invisible, herbivore 3, speed 3, slow metabolism 2
a: Curse Item, Scrying, Renounce Religion


You were on level 11 of the Dungeon.
You worshipped Ashenzari.
Ashenzari was aware of your devotion.
You were not hungry.

You visited 1 branch of the dungeon, and saw 10 of its levels.
You also visited: Ice Cave.

You collected 542 gold pieces.

Inventory:

Hand Weapons
 a - a cursed +1 dagger (weapon)
 q - a +0 dagger of venom
Armour
 b - a cursed +0 robe (worn)
 D - a +0 robe
Jewellery
 i - an uncursed amulet of guardian spirit
Wands
 w - a wand of lightning (4/15)
Scrolls
 e - 2 scrolls of teleportation
 f - a scroll of immolation {unknown}
 g - a scroll of random uselessness {unknown}
 k - 6 scrolls of identify
 l - 5 scrolls of amnesia
 o - 3 scrolls of remove curse
 r - a scroll of enchant weapon {unknown}
 u - a scroll of fear {unknown}
 v - a scroll of magic mapping {unknown}
 y - a scroll of noise {unknown}
 C - a scroll of recharging {unknown}
Potions
 h - a potion of curing
 j - a potion of berserk rage {unknown}
 m - a potion of resistance {unknown}
 n - a potion of magic {unknown}
 p - 2 potions of lignification
 s - 2 potions of might {unknown}
 t - a potion of brilliance {unknown}
 z - a potion of invisibility {unknown}
Books
 c - a book of Maledictions

   Spells                             Type                      Level
   a - Corona                         Hexes                        1
   b - Ensorcelled Hibernation        Hexes/Ice                    2
   c - Confuse                        Hexes                        3
   d - Tukima's Dance                 Hexes                        3
   e - Dazzling Spray                 Conjuration/Hexes            3
 B - a book of Ice

   Spells                             Type                      Level
   a - Ice Form                       Ice/Transmutation            4
   b - Metabolic Englaciation         Hexes/Ice                    5
   c - Ozocubu's Refrigeration        Ice                          6
   d - Bolt of Cold                   Conjuration/Ice              6
   e - Freezing Cloud                 Conjuration/Ice/Air          6
   f - Simulacrum                     Ice/Necromancy               6
Comestibles
 d - 5 bread rations
 x - 3 fruits
 A - a royal jelly


   Skills:
 + Level 2.0 Fighting
 + Level 5.5 Short Blades
 + Level 5.0 Dodging
 + Level 15.3 Stealth
 + Level 11.2 Spellcasting
 + Level 0.5 Conjurations
 + Level 10.9 Hexes


You had 20 spell levels left.
You knew the following spells:

 Your Spells              Type           Power        Failure   Level  Hunger
a - Corona                Hex            #####..      1%          1    None
b - Confuse               Hex            #####...     1%          3    None
c - Dazzling Spray        Conj/Hex       ####..       1%          3    None
d - Tukima's Dance        Hex            #####...     1%          3    None
e - Ensorcelled Hibernat  Hex/Ice        ####..       1%          2    None


Dungeon Overview and Level Annotations

Branches:
Dungeon (11/15)            Temple (0/1) D:6
   Lair: D:8-11         Orc: D:9-12

Altars:
Ashenzari
Fedhas
Gozag
Hepliaklqana
Kikubaaqudgha
Okawaru
Ru
Trog

Shops:
D:4 [


Innate Abilities, Weirdness & Mutations

You are very small and have problems with some larger weapons.
You are too small for most types of armour.
You have supernaturally acute eyesight. (SInv)
You are a herbivore.
You cover ground extremely quickly.
You need consume almost no food.


Message History

Press: ? - help, Shift-Dir - straight line, f/p - leopard gecko
Aim: a leopard gecko (clinging, chance to defeat MR: 84%)
The leopard gecko appears confused.
You hit the unseen horror.
The unseen horror is severely wounded.
The leopard gecko bites itself.
You hit the leopard gecko but do no damage.
The leopard gecko is severely wounded.
The unseen horror hits the leopard gecko.
The leopard gecko is killed!
You see here a leopard gecko corpse.
You strike the helpless unseen horror from behind!
You skewer the unseen horror like a kebab!!!
You kill the unseen horror!
Your Dodging skill increases to level 5!
The killer bee stings you!
* * * LOW HITPOINT WARNING * * *
As you read the scroll of teleportation, it crumbles to dust.
You feel strangely unstable. The killer bee stings you.
You die...

#...# #....###
.(####...######. .###.../###
.......[......... ........###
...###....####### ####....###
#.[......... ....[......
###.....################.###
......................y......
####..........[...#...y..#..#
#.###....@y....#.y....#..#
#..............#..........
####.........#.†....)..[..
##$.......#.#..........
#........#.#..........
#......!.#...#.#......
#........##....##.##+#
#..?.....##.......#
###########....#####


You could see a killer bee.

Vanquished Creatures
  A hydra (D:10)
  4 two-headed ogres
  An unseen horror (D:11)
  A centaur skeleton (D:10)
  A troll (D:10)
  A meliai zombie (D:11)
  The ghost of Jawreze the Quickloader, an amateur KoHu (D:3)
  The ghost of Onaxys the Skirmisher, an amateur OgBe of Trog (D:4)
  A wraith (D:11)
  2 yaks (D:9)
  A hungry ghost (D:11)
  A steam dragon (D:9)
  A soldier ant (D:11)
  3 ice beasts
  A sky beast (D:9)
  A black bear (D:6)
  2 orc warriors
  3 ogres
  2 necrophages
  A centaur (D:7)
  4 big kobolds (D:5)
  2 bullfrogs
  4 scorpions
  2 elephant simulacra (IceCv)
  A howler monkey (D:9)
  A crimson imp (D:10)
  A bullfrog zombie (D:6)
  3 centaur zombies
  4 hounds
  2 orc priests
  6 jellies
  6 orc wizards
  2 iguanas (D:9)
  5 worker ants
  A polar bear simulacrum (IceCv)
  A wolf simulacrum (IceCv)
  11 gnolls
  A howler monkey skeleton (D:10)
  12 adders
  A shadow imp (D:5)
  3 white imps (IceCv)
  5 adder skeletons
  A worm (D:2)
  2 dart slugs
  4 leopard geckos
  17 orcs
  2 ball pythons
  7 giant cockroaches
  7 goblins
  15 hobgoblins
  5 jackals
  38 kobolds
  3 quokkas
  12 bats
  10 frilled lizards
  A leopard gecko skeleton (D:4)
  4 rats
236 creatures vanquished.

Vanquished Creatures (others)
  A yak (D:9)
  A human (D:7)
2 creatures vanquished.

Grand Total: 238 creatures vanquished

Notes
Turn   | Place    | Note
-------+----------+-------------------------------------------
     0 | D:1      | bobbobbob the Spriggan Enchanter began the quest for the Orb.
     0 | D:1      | Reached XP level 1. HP: 9/9 MP: 5/5
   184 | D:1      | Reached XP level 2. HP: 4/13 MP: 4/6
  1657 | D:1      | Reached XP level 3. HP: 16/16 MP: 5/8
  1662 | D:1      | Learned a level 3 spell: Confuse
  2662 | D:2      | Reached XP level 4. HP: 21/21 MP: 0/9
  3173 | D:3      | Reached skill level 5 in Hexes
  3269 | D:2      | Reached skill level 5 in Stealth
  3696 | D:3      | Reached XP level 5. HP: 24/24 MP: 2/11
  4084 | D:3      | Found a hazy altar of Hepliaklqana.
  4645 | D:3      | Reached skill level 6 in Stealth
  4668 | D:3      | Learned a level 3 spell: Dazzling Spray
  4724 | D:3      | Noticed Jawreze's ghost (amateur KoHu)
  4882 | D:3      | Killed Jawreze's ghost
  4882 | D:3      | Reached XP level 6. HP: 18/28 MP: 1/14
  5194 | D:4      | Found Fiyfym's Armour Shoppe.
  5429 | D:4      | Reached skill level 5 in Spellcasting
  5469 | D:4      | Found an iron altar of Okawaru.
  5516 | D:4      | Noticed Onaxys's ghost (amateur OgBe)
  5546 | D:4      | Killed Onaxys's ghost
  5546 | D:4      | Reached skill level 7 in Stealth
  5546 | D:4      | Reached XP level 7. HP: 12/32 MP: 7/15
  5967 | D:5      | Entered Level 5 of the Dungeon
  6015 | D:5      | Reached skill level 8 in Stealth
  7179 | D:5      | Reached XP level 8. HP: 31/37 MP: 10/18
  7343 | D:5      | Reached skill level 9 in Stealth
  8306 | D:6      | Found a staircase to the Ecumenical Temple.
  8345 | D:6      | Found a bloodstained altar of Trog.
  8376 | D:6      | Reached skill level 1 in Fighting
  8503 | D:6      | Reached skill level 10 in Stealth
  8721 | D:6      | Reached skill level 11 in Stealth
  8783 | D:6      | Found a blossoming altar of Fedhas.
  8808 | D:6      | Reached XP level 9. HP: 41/41 MP: 14/21
  9554 | D:7      | Found a sacrificial altar of Ru.
  9947 | D:7      | Found an ancient bone altar of Kikubaaqudgha.
 10060 | D:7      | You fall through a shaft for 2 floors!
 10121 | D:9      | Noticed a two-headed ogre
 10124 | D:9      | Killed a two-headed ogre
 10124 | D:9      | Reached skill level 12 in Stealth
 10273 | D:9      | Found an opulent altar of Gozag.
 10273 | D:9      | Found a shattered altar of Ashenzari.
 10277 | D:9      | Became a worshipper of Ashenzari the Shackled
 10298 | D:9      | Noticed a two-headed ogre
 10306 | D:9      | Killed a two-headed ogre
 10306 | D:9      | Reached skill level 13 in Stealth
 10316 | D:9      | Identified the +3 scythe "Hilaeseg" {holy, Int+5}
 10318 | D:9      | Reached XP level 10. HP: 46/46 MP: 24/24
 10426 | D:9      | Noticed a two-headed ogre
 10446 | D:9      | Killed a two-headed ogre
 10468 | D:9      | Learned a level 3 spell: Tukima's Dance
 10471 | D:9      | Learned a level 2 spell: Ensorcelled Hibernation
 10642 | D:9      | Reached skill level 10 in Spellcasting
 10681 | D:9      | Reached skill level 14 in Stealth
 11203 | D:10     | Entered Level 10 of the Dungeon
 11248 | D:10     | Reached skill level 10 in Hexes
 11396 | D:10     | Reached * piety under Ashenzari
 11419 | D:10     | Noticed a seven-headed hydra
 11422 | D:10     | Killed a seven-headed hydra
 11652 | D:10     | Reached skill level 5 in Short Blades
 11911 | D:11     | Noticed a two-headed ogre
 11920 | D:11     | Killed a two-headed ogre
 11920 | D:11     | Reached skill level 15 in Stealth
 11933 | D:11     | Reached XP level 11. HP: 50/50 MP: 21/27
 11953 | D:11     | Found a frozen archway.
 12465 | IceCv    | Entered an ice cave
 12782 | D:11     | Noticed an unseen horror
 12827 | D:11     | Killed an unseen horror
 12827 | D:11     | Reached skill level 5 in Dodging
 12834 | D:11     | Slain by a killer bee

Skill      XL: |  1  2  3  4  5  6  7  8  9 10 11 |
---------------+----------------------------------+-----
Hexes          | 4 5 6 7 8 9 10 | 10.9
Spellcasting   | 3 4 5 6 7 9 11 | 11.2
Short Blades   | 2 3 4 5 |  5.5
Stealth        | 5 6 7 8 11 13 15 | 15.3
Dodging        | 4 5 |  5.0
Fighting       | 1 2 |  2.0
Conjurations   | |  0.5

Action                   |  1- 3 |  4- 6 |  7- 9 | 10-12 || total
-------------------------+-------+-------+-------+-------++-------
Melee: Dagger            |   170 |   147 |   223 |   138 ||   678
 Cast: Corona            |    35 |       |     3 |     4 ||    42
       Confuse           |    18 |    48 |    71 |    53 ||   190
       Dazzling Spray    |       |       |    25 |    14 ||    39
       Ensorcelled Hiber |       |       |       |     1 ||     1
Invok: Curse Item        |       |       |     2 |       ||     2
       Scrying           |       |       |       |     1 ||     1
  Use: Potion            |       |       |     2 |     3 ||     5
       Scroll            |       |       |     3 |     2 ||     5
 Stab: Sleeping          |     8 |    11 |    32 |    10 ||    61
       Distracted        |     2 |     1 |     2 |     1 ||     6
       Confused          |     8 |    24 |    46 |    30 ||   108
       Invisible         |       |       |     5 |     2 ||     7
  Eat: Fruit             |     3 |     1 |       |       ||     4
       Bread ration      |       |     1 |     1 |       ||     2
       Royal jelly       |       |       |     1 |     2 ||     3
Armor: Robe              |    13 |     2 |     7 |     2 ||    24
Dodge: Dodged            |   125 |    62 |    87 |    79 ||   353
